 Dungeon Crawl Stone Soup version 0.31-a0-426-g3a05650e59 (webtiles) character file.

Game seed: 11071048405913945988

1183 mopl the Sneak (level 8, -3/51 (57) HPs)
             Began as a Red Draconian Enchanter on July 30, 2023.
             Was a Follower of Okawaru.
             Slain by a wight
             ... wielding a +5 war axe of freezing
              (5 damage)
             ... on level 6 of the Dungeon.
             The game lasted 00:10:33 (6177 turns).

mopl the Sneak (Red Draconian Enchanter)            Turns: 6177, Time: 00:10:34

HP:   -3/51 (57)    AC: 11    Str: 18    XL:     8   Next: 19%
MP:   4/15          EV: 12    Int: 17    God:    Okawaru [*.....]
Gold: 388           SH:  5    Dex: 11    Spells: 5/16 levels left

rFire   + . .        a - +1 dagger
rCold   . . .        (no shield)
rNeg    . . .        (body armour unavailable)
rPois   .            (helmet restricted)
rElec   .            m - +0 cloak
rCorr   .            (no gloves)
SInv    .            (no boots)
Will    .....        o - amulet of reflection
Stlth   +++          d - +4 ring of protection
HPRegen 0.28/turn    x - +6 ring of strength
MPRegen 0.14/turn

%: reflection
@: short of breath, very slightly contaminated, slowed, heavily drained, very
slow
A: breathe fire, AC +6, unfitting armour, fire resistance 1, cold-blooded
a: Breathe Fire, Renounce Religion, Heroism


You were on level 6 of the Dungeon.
You worshipped Okawaru.
Okawaru was aware of your devotion.
You visited 2 branches of the dungeon, and saw 7 of its levels.
You also visited: Sewer and Ossuary.

You collected 388 gold pieces.

Inventory:

Hand Weapons
 a - a +1 dagger (weapon)
 p - the +3 whip "Jojoinig" {drain, SInv}
   (You found it on level 3 of the Dungeon)

   SInv:      It lets you see invisible.
Missiles
 e - 2 boomerangs
 i - 16 poisoned darts
Armour
 m - a +0 cloak (worn)
Jewellery
 d - a +4 ring of protection (left hand)
 o - an amulet of reflection (around neck)
 x - a +6 ring of strength (right hand)
Scrolls
 c - a scroll of blinking {unknown}
 h - a scroll of acquirement {unknown}
 j - 9 scrolls of teleportation {unknown}
 k - 2 scrolls of poison {unknown}
 l - 2 scrolls of fear {unknown}
 q - a scroll of amnesia {unknown}
 s - a scroll of vulnerability {unknown}
 v - a scroll of silence {unknown}
 y - 2 scrolls of enchant armour {unknown}
 z - 2 scrolls of identify
Potions
 b - 3 potions of invisibility
 f - 3 potions of might
 g - 2 potions of heal wounds
 n - a potion of mutation {!q}
 r - 4 potions of curing
 t - a potion of lignification {!q}
 u - 5 potions of haste {unknown}
 w - a potion of resistance
 A - a potion of cancellation
 B - 7 potions of enlightenment


   Skills:
 + Level 3.6 Short Blades
 - Level 1.7 Dodging
 * Level 5.8 Stealth
 * Level 4.9 Spellcasting
 * Level 5.3 Hexes
 + Level 1.8 Invocations


You had 5 spell levels left.
You knew the following spells:

 Your Spells              Type           Power      Damage    Failure   Level
a - Dazzling Flash        Conj/Hex       26%        N/A       14%         3
b - Ensorcelled Hibernat  Hex/Ice        26%        N/A       7%          2
c - Confusing Touch       Hex            22%        N/A       4%          3
d - Tukima's Dance        Hex            22%        N/A       4%          3

Your spell library contained the following spells:

 Spells                   Type           Power      Damage    Failure   Level


Dungeon Overview and Level Annotations

Branches:
Dungeon (6/15)             Temple (1/1) D:4           Sewer (visited)
Ossuary (visited)

Altars:
Ashenzari
Cheibriados
Elyvilon
Fedhas
Gozag
Hepliaklqana
Kikubaaqudgha
Makhleb
Nemelex Xobeh
Okawaru
Qazlal
Ru
Sif Muna
Trog
Vehumet
Yredelemnul
Zin


Innate Abilities, Weirdness & Mutations

You can breathe blasts of fire.
Your fiery red scales are hard. (AC +6)
You cannot fit into any form of body armour.
Your flesh is heat resistant. (rF+)
You are cold-blooded and may be slowed by cold attacks.


Message History

The wight is lightly damaged.
The wight hits you with a +4 battleaxe!
The wight misses the wight.
The wight hits you with a +2 hand axe of freezing.
You feel drained.
You feel as though you will be slow longer.
The wight freezes you.
The wight hits itself but does no damage.
You block the wight's attack.
You hit the wight but do no damage.
The wight appears confused.
The wight is lightly damaged.
The wight hits you with a +5 war axe of freezing!
You feel as though you will be slow longer.
The wight freezes you.
* * * LOW HITPOINT WARNING * * *
Unknown command.
The wight hits the orc with a +2 hand axe of freezing!
The wight freezes the orc.
The orc is killed!
Okawaru accepts your kill.
The wight hits you with a +5 war axe of freezing.
* * * LOW HITPOINT WARNING * * *
You feel as though you will be slow longer.
The wight freezes you.
* * * LOW HITPOINT WARNING * * *
The wight barely misses the wight.
The wight hits the wight with a +2 hand axe of freezing.
Casting: Confusing Touch (dangerous; 4% risk of failure)
Confirm with . or Enter, or press ? or * to list all spells.
You miscast Confusing Touch.
You are very lightly contaminated with residual magic.
Nothing appears to happen.
The wight hits you with a +5 war axe of freezing.
* * * LOW HITPOINT WARNING * * *
You feel drained.
* * * LOW HITPOINT WARNING * * *
You feel as though you will be slow longer.
The wight freezes you.
* * * LOW HITPOINT WARNING * * *
The wight hits you with a +5 war axe of freezing.
You die...

###.###..#.#.#
#...#.##......
#.......#.#.#.
###..##.##......
###............#.#
#.#...............
###....###..........
#...#..######(.....#
##.@##..####..#....#
##oz##..z.........o.
#.z.#....o.)..#.....
#....z..#....##...##
##.)..####.######.#.
#...## #.##..#..#.
##.## ####.......
### #.......
###...#.


You could see 2 wights and an orc.

Vanquished Creatures
  A water moccasin (D:6)
  2 ice beasts (D:6)
  A troll zombie (Ossuary)
  2 centaur zombies (Ossuary)
  Crazy Yiuf (D:2)
  3 hounds
  A gnoll bouda (D:6)
  A human zombie (Ossuary)
  An iguana (D:6)
  Terence (D:2)
  2 ogre zombies (Ossuary)
  7 mummies (Ossuary)
  10 adders
  9 gnolls
  7 river rats
  A white imp (D:5)
  A worm zombie (D:4)
  4 adder zombies (Ossuary)
  6 worms
  2 dart slugs (D:4)
  3 orcs (D:6)
  10 ball pythons
  11 endoplasms
  8 giant cockroaches
  A gnoll zombie (Ossuary)
  10 goblins
  7 hobgoblins
  4 jackals (Sewer)
  5 kobolds
  8 quokkas
  12 bats
  7 frilled lizards
  7 goblin zombies (Ossuary)
  4 hobgoblin zombies (Ossuary)
  A kobold zombie (Ossuary)
  2 orc zombies
  2 quokka zombies (Ossuary)
  4 rats
  4 rat zombies (Ossuary)
173 creatures vanquished.

Vanquished Creatures (collateral kills)
  A gnoll (D:3)
1 creature vanquished.

Grand Total: 174 creatures vanquished

Notes
Turn   | Place    | Note
-------+----------+-------------------------------------------
     0 | D:1      | mopl the Draconian Enchanter began the quest for the Orb.
     0 | D:1      | Reached XP level 1. HP: 14/14 MP: 3/3
   214 | D:1      | Reached XP level 2. HP: 20/20 MP: 5/5
   217 | D:1      | Learned a level 2 spell: Ensorcelled Hibernation
   309 | D:1      | Reached skill level 3 in Stealth
   321 | D:1      | Reached skill level 3 in Hexes
   700 | D:2      | Noticed Terence
   746 | D:2      | Reached XP level 3. HP: 26/26 MP: 6/6
   750 | D:2      | Learned a level 3 spell: Confusing Touch
   847 | D:2      | Killed Terence
   864 | D:2      | Found a runed translucent door.
   865 | D:2      | Noticed Crazy Yiuf
  1180 | D:2      | Reached XP level 4. HP: 22/33 MP: 8/8
  1195 | D:2      | Learned a level 3 spell: Tukima's Dance
  1661 | D:2      | Killed Crazy Yiuf
  1740 | D:3      | Reached skill level 2 in Short Blades
  1882 | D:3      | Identified the +3 whip "Jojoinig" {drain, SInv}
  2036 | D:3      | Found a faded altar of an unknown god.
  2089 | D:2      | Reached skill level 3 in Spellcasting
  2120 | D:3      | Reached XP level 5. HP: 29/38 MP: 1/9
  2526 | D:4      | Found a basalt altar of Yredelemnul.
  2564 | D:4      | Found a sand-covered staircase.
  2579 | D:4      | Reached skill level 4 in Stealth
  2598 | Ossuary  | Entered an ossuary
  2752 | Ossuary  | Reached skill level 4 in Hexes
  2752 | Ossuary  | Reached XP level 6. HP: 45/45 MP: 11/11
  2778 | Ossuary  | Learned a level 3 spell: Dazzling Flash
  3600 | D:4      | Your scales start taking on a fiery red colour.
  3600 | D:4      | Reached XP level 7. HP: 50/50 MP: 12/12
  3600 | D:4      | Gained mutation: Your flesh is heat resistant. (rF+) [Red
                  | Draconian growth]
  3683 | D:4      | Reached skill level 4 in Spellcasting
  3817 | D:4      | Found a hazy altar of Hepliaklqana.
  4050 | D:4      | Found a staircase to the Ecumenical Temple.
  4059 | Temple   | Entered the Ecumenical Temple
  4070 | Temple   | Became a worshipper of Warmaster Okawaru
  4204 | D:5      | Entered Level 5 of the Dungeon
  4256 | D:5      | Reached skill level 3 in Short Blades
  4324 | D:5      | Reached skill level 5 in Stealth
  4339 | D:5      | Found a glowing drain.
  4361 | Sewer    | Entered a sewer
  5441 | D:5      | Reached skill level 1 in Invocations
  5604 | D:6      | Found a sparkling altar of Nemelex Xobeh.
  5670 | D:6      | Reached skill level 5 in Hexes
  5724 | D:6      | Reached * piety under Okawaru
  5725 | D:6      | Reached XP level 8. HP: 32/57 MP: 10/15
  6177 | D:6      | HP: 2/51 [wight/+5 war axe of freezing (2)]
  6177 | D:6      | Slain by a wight

Illustrated notes

Levels and vault maps discovered:
D:1:      matt_arrival_los_fun, layout_basic
D:2:      layout_loops_corners, uniq_terence, uniq_crazy_yiuf_cottage
D:3:      layout_basic, shapermc_ecumenical_altar_flowoftime
D:4:      layout_gridville, nicolae_hepliaklqana_hippocampus, lemuel_tele_altar,
          lemuel_temple_firewalk_b, enter_ossuary_3
D:5:      layout_cave_pools, lightli_sewer_entry_pipes
D:6:      layout_cave_pools, nemelex_spade_bored_becter, hex_large,
          chequers_avenue, nicolae_take_the_stairs
Temple:   nicolae_temple_ecumenical_triangle

Skill      XL: |  1  2  3  4  5  6  7 |
---------------+----------------------+-----
Stealth        | 3 4 5 |  5.8
Hexes          | 3 4 5 |  5.3
Short Blades   | 2 3 |  3.6
Spellcasting   | 3 4 |  4.9
Invocations    | 1 |  1.8
Dodging        | |  1.7

Action                     |  1- 3 |  4- 6 |  7- 9 || total
---------------------------+-------+-------+-------++-------
  Melee: Dagger            |   139 |   352 |   333 ||   824
         Tailslap          |    15 |    63 |    42 ||   120
         Punch             |     2 |     6 |     7 ||    15
   Cast: Confusing Touch   |     1 |     7 |     6 ||    14
         Tukima's Dance    |       |     3 |       ||     3
         Ensorcelled Hiber |       |     4 |    21 ||    25
         Dazzling Flash    |       |       |     1 ||     1
Ability: Breathe Fire      |       |       |    20 ||    20
    Use: Scroll            |       |     7 |     1 ||     8
   Stab: Sleeping          |     5 |    25 |    18 ||    48
         Confused          |     2 |     3 |     1 ||     6
 Armour: Skin              |    54 |    81 |   136 ||   271
  Dodge: Dodged            |    86 |   139 |   245 ||   470
  Block: Other             |       |    47 |   104 ||   151

Table legend: (Time is in decaauts)
 A = Elapsed time spent in this place.
 B = Non-inter-level travel time spent in this place.
 C = Inter-level travel time spent in this place.
 D = Time resting spent in this place.
 E = Time spent auto-exploring this place.
 F = Levels seen in this place.
 G = Mean time per level.
                   A        B        C        D        E       F      G
               +--------+--------+--------+--------+--------+-----+--------+
         Total |   6280 |   6110 |    170 |    781 |   3488 |   9 |  697.8 |
       Dungeon |   4533 |   4373 |    160 |    427 |   2808 |   6 |  755.5 |
        Temple |     20 |     11 |      9 |      0 |      0 |   1 |   20.0 |
         Sewer |    790 |    790 |      0 |     12 |    454 |   1 |  790.0 |
       Ossuary |    936 |    936 |      0 |    342 |    225 |   1 |  936.0 |
               +--------+--------+--------+--------+--------+-----+--------+

Top non-repeatable levels by time:
     D:2: 1103 daAuts
 Ossuary: 936 daAuts
   Sewer: 790 daAuts
     D:3: 738 daAuts
     D:4: 738 daAuts
     D:5: 723 daAuts
     D:1: 618 daAuts
     D:6: 610 daAuts
  Temple: 20 daAuts
